 Dungeon Crawl Stone Soup version 0.22.0-13-g43fe8f2 (webtiles) character file.

120 Sqgman the Skirmisher (level 5, -2/47 HPs)
             Began as a Gnoll Wanderer on Aug 16, 2018.
             Slain by Natasha (5 damage)
             ... on level 2 of the Dungeon.
             The game lasted 00:07:57 (1406 turns).

Sqgman the Skirmisher (Gnoll Wanderer)              Turns: 1406, Time: 00:07:57

Health: -2/47      AC:  5    Str: 13    XL:     5   Next: 4%
Magic:  7/7        EV: 11    Int: 16    God:
Gold:   71         SH:  0    Dex: 15    Spells: 4/6 levels left

rFire    . . .     SeeInvis .   h - +3 dagger (flame)
rCold    . . .     Gourm    .   (no shield)
rNeg     . . .     Faith    .   j - +0 ring mail
rPois    .         Spirit   .   (no helmet)
rElec    .         Reflect  .   (no cloak)
rCorr    .         Harm     .   (no gloves)
MR       .....                  (no boots)
Stlth    +.........             (no amulet)
HPRegen  0.15/turn              (no ring)
MPRegen  0.10/turn              (no ring)

@: slowed, very slow
A: distributed training, fangs 1, strong nose
a: no special abilities


You were on level 2 of the Dungeon.
You were not hungry.

You visited 1 branch of the dungeon, and saw 2 of its levels.

You collected 71 gold pieces.

Inventory:

Hand Weapons
 b - a +0 shortbow
 h - a +3 dagger of flaming (weapon)
Missiles
 a - 21 stones (quivered)
 c - 21 arrows
Armour
 e - a +0 robe
 j - a +0 ring mail (worn)
Scrolls
 d - 5 scrolls of teleportation
 i - a scroll of identify
 m - a scroll of enchant weapon
Potions
 g - a potion of brilliance
Comestibles
 f - 2 rations


   Skills:
 + Level 6.6 Fighting
 + Level 1.3 Short Blades
 + Level 1.3 Long Blades
 + Level 1.3 Axes
 + Level 1.3 Maces & Flails
 + Level 1.3 Polearms
 + Level 1.3 Staves
 + Level 1.3 Slings
 + Level 2.8 Bows
 + Level 1.3 Crossbows
 + Level 1.3 Throwing
 + Level 2.8 Armour
 + Level 1.3 Dodging
 + Level 1.3 Stealth
 + Level 2.8 Shields
 + Level 1.3 Unarmed Combat
 + Level 1.3 Spellcasting
 + Level 1.0 Conjurations
 + Level 1.0 Hexes
 + Level 1.0 Charms
 + Level 1.0 Summonings
 + Level 1.0 Necromancy
 + Level 1.0 Translocations
 + Level 5.5 Transmutations
 + Level 1.0 Fire Magic
 + Level 1.0 Ice Magic
 + Level 1.0 Air Magic
 + Level 1.0 Earth Magic
 + Level 1.0 Poison Magic
 + Level 1.4 Invocations
 + Level 2.8 Evocations


You had 4 spell levels left.
You knew the following spells:

 Your Spells              Type           Power        Failure   Level  Hunger
a - Passwall              Tmut/Erth      ##......     19%         2    ###....

Your spell library contained the following spells:

 Spells                   Type           Power        Failure   Level  Hunger
 Stone Arrow              Conj/Erth      #.....       65%         3    ####...
 Lee's Rapid Deconstruct  Erth           #.........   100%        5    ######.
 Sandblast                Erth           #.....       30%         1    ##.....
 Petrify                  Tmut/Erth      ##......     75%         4    #####..


Dungeon Overview and Level Annotations

Branches:
Dungeon (2/15)

Altars:

Annotations:
D:2 Natasha


Innate Abilities, Weirdness & Mutations

Your experience applies equally to all skills.
You have very sharp teeth.
Your uncanny sense of smell can sniff out nearby items.


Message History

Natasha growls.
Natasha claws you but does no damage. The white imp hits you.
The white imp freezes you.
* * * LOW HITPOINT WARNING * * *
Natasha claws you but does no damage. Natasha claws you.
* * * LOW HITPOINT WARNING * * *
You hit Natasha. You burn Natasha.
Natasha is lightly wounded.
The white imp gestures at you. The puff of frost misses you.
Natasha zaps a wand.
The puff of flame misses you.
It is a wand of flame (24).
You hit Natasha. You burn Natasha.
Natasha is moderately wounded.
Natasha claws you!
* * * LOW HITPOINT WARNING * * *
The crimson imp closely misses you.
You hit Natasha. You burn Natasha.
Natasha is heavily wounded.
Natasha claws you.
You die...

... ####.####..##^
....##.........##..
...............# .. ###
...#.%.......(## '#.#.#
.##.#...........###..#..
.............(......###.
#...$.....).##.........
.#......h%...########...
...?...@5..### #........
........5..# #.#######
...............
.........?#####
..........# ..........#
....<.....# ###########


You could see Natasha, a crimson imp and a white imp.

Vanquished Creatures
  Natasha (twice) (D:2)
  An adder (D:2)
  An ooze (D:2)
  A worm (D:2)
  3 dart slugs
  2 leopard geckos
  A giant cockroach (D:1)
  3 goblins
  8 hobgoblins
  4 jackals (D:2)
  9 bats
  A frilled lizard (D:1)
  6 kobolds
  5 rats (D:1)
47 creatures vanquished.

Notes
Turn   | Place    | Note
-------+----------+-------------------------------------------
     0 | D:1      | Sqgman the Gnoll Wanderer began the quest for the Orb.
     0 | D:1      | Sqgman set off with: a +0 shortbow, 23 arrows, a scroll of teleportation, a +0 robe, a ration
     0 | D:1      | Reached XP level 1. HP: 23/23 MP: 2/2
    52 | D:1      | Reached XP level 2. HP: 23/29 MP: 3/3
   412 | D:1      | Reached XP level 3. HP: 10/35 MP: 4/4
   995 | D:2      | Learned a level 2 spell: Passwall
  1046 | D:2      | Reached skill level 1 in Invocations
  1061 | D:2      | Noticed Natasha
  1079 | D:2      | Killed Natasha
  1079 | D:2      | Reached skill level 1 in Short Blades
  1079 | D:2      | Reached skill level 1 in Long Blades
  1079 | D:2      | Reached skill level 1 in Axes
  1079 | D:2      | Reached skill level 1 in Maces & Flails
  1079 | D:2      | Reached skill level 1 in Polearms
  1079 | D:2      | Reached skill level 1 in Staves
  1079 | D:2      | Reached skill level 1 in Slings
  1079 | D:2      | Reached skill level 1 in Crossbows
  1079 | D:2      | Reached skill level 1 in Throwing
  1079 | D:2      | Reached skill level 1 in Dodging
  1079 | D:2      | Reached skill level 1 in Stealth
  1079 | D:2      | Reached skill level 1 in Unarmed Combat
  1079 | D:2      | Reached skill level 1 in Spellcasting
  1079 | D:2      | Reached XP level 4. HP: 14/41 MP: 4/6
  1373 | D:2      | Noticed Natasha
  1389 | D:2      | Killed Natasha
  1389 | D:2      | Reached skill level 1 in Conjurations
  1389 | D:2      | Reached skill level 1 in Hexes
  1389 | D:2      | Reached skill level 1 in Charms
  1389 | D:2      | Reached skill level 1 in Summonings
  1389 | D:2      | Reached skill level 1 in Necromancy
  1389 | D:2      | Reached skill level 1 in Translocations
  1389 | D:2      | Reached skill level 1 in Fire Magic
  1389 | D:2      | Reached skill level 1 in Ice Magic
  1389 | D:2      | Reached skill level 1 in Air Magic
  1389 | D:2      | Reached skill level 1 in Earth Magic
  1389 | D:2      | Reached skill level 1 in Poison Magic
  1391 | D:2      | Reached XP level 5. HP: 15/47 MP: 7/7
  1395 | D:2      | Noticed Natasha
  1406 | D:2      | Slain by Natasha

Skill      XL: |  1  2  3  4 |
---------------+-------------+-----
Invocations    | 1 |  1.4
Short Blades   | 1 |  1.3
Long Blades    | 1 |  1.3
Axes           | 1 |  1.3
Maces & Flails | 1 |  1.3
Polearms       | 1 |  1.3
Staves         | 1 |  1.3
Slings         | 1 |  1.3
Crossbows      | 1 |  1.3
Throwing       | 1 |  1.3
Dodging        | 1 |  1.3
Stealth        | 1 |  1.3
Unarmed Combat | 1 |  1.3
Spellcasting   | 1 |  1.3
Conjurations   | 1 |  1.0
Hexes          | 1 |  1.0
Charms         | 1 |  1.0
Summonings     | 1 |  1.0
Necromancy     | 1 |  1.0
Translocations | 1 |  1.0
Fire Magic     | 1 |  1.0
Ice Magic      | 1 |  1.0
Air Magic      | 1 |  1.0
Earth Magic    | 1 |  1.0
Poison Magic   | 1 |  1.0
Fighting       | |  6.6
Bows           | |  2.8
Armour         | |  2.8
Shields        | |  2.8
Transmutations | |  5.5
Evocations     | |  2.8

Action                   |  1- 3 |  4- 6 || total
-------------------------+-------+-------++-------
Melee: Shortbow          |    20 |       ||    20
       Bite              |     5 |     6 ||    11
       Dagger            |    59 |    51 ||   110
       Punch             |     1 |       ||     1
 Fire: Shortbow          |    17 |       ||    17
 Cast: Passwall          |     1 |       ||     1
  Use: Scroll            |     2 |     2 ||     4
       Potion            |     2 |     1 ||     3
 Stab: Sleeping          |     1 |       ||     1
  Eat: Chunk             |     1 |     1 ||     2
Armor: Robe              |    20 |       ||    20
       Ring mail         |     9 |    47 ||    56
Dodge: Dodged            |    75 |    51 ||   126
